 Dungeon Crawl Stone Soup version 0.22-a0-293-gc9362ec (webtiles) character file.

3035 Amnesiac the Fighter (level 9, -1/75 HPs)
             Began as a Mummy Wizard on Mar 24, 2018.
             Was an Initiate of Sif Muna.
             Slain by an orc wizard
             ... wielding a +0 dagger
              (4 damage)
             ... on level 8 of the Dungeon.
             The game lasted 00:15:08 (9812 turns).

Amnesiac the Fighter (Mummy Wizard)                 Turns: 9812, Time: 00:15:08

Health: -1/75      AC:  3    Str: 10    XL:     9   Next: 56%
Magic:  0/15       EV: 15    Int: 21    God:    Sif Muna [......]
Gold:   293        SH:  0    Dex: 10    Spells: 6/17 levels left

rFire    x . .     SeeInvis .   k - +3 short sword
rCold    + . .     Gourm    .   (no shield)
rNeg     + + +     Faith    .   a - +0 robe
rPois    ∞         Spirit   .   j - +0 helmet
rElec    .         Reflect  .   (no cloak)
rCorr    .         Harm     +   (no gloves)
MR       +....                  (no boots)
Stlth    +++.......             i - amulet of harm
HPRegen  0.22/turn              n - ring of stealth
MPRegen  0.14/turn              (no ring)

@: very slightly contaminated
A: no food or potions, fire vulnerability, cold resistance 1, negative energy
resistance 3, torment resistance, unbreathing
a: Renounce Religion


You were on level 8 of the Dungeon.
You worshipped Sif Muna.
Sif Muna was noncommittal.
You were not hungry.

You visited 2 branches of the dungeon, and saw 9 of its levels.

You collected 293 gold pieces.

Inventory:

Hand Weapons
 k - a +3 short sword (weapon)
Armour
 a - a +0 robe (worn)
 j - a +0 helmet (worn)
Magical Staves
 p - an uncursed staff of power {unknown}
Jewellery
 i - an amulet of harm (around neck)
 n - a ring of stealth (left hand)
Wands
 q - a wand of random effects (24)
Scrolls
 b - 3 scrolls of amnesia {!r, unknown}
 c - 4 scrolls of identify {!r}
 d - 2 scrolls of magic mapping {!r, unknown}
 e - 2 scrolls of enchant weapon {!r, unknown}
 f - 3 scrolls of teleportation {!r, unknown}
 g - a scroll of remove curse {!r, unknown}
 h - 4 scrolls of immolation {!r, unknown}
 l - 2 scrolls of blinking {!r, unknown}
 m - a scroll of random uselessness {!r, unknown}
 o - 3 scrolls of fog {!r}


   Skills:
 - Level 8.7 Fighting
 - Level 7.1 Dodging
 - Level 1.5 Stealth
 + Level 4.5 Spellcasting
 * Level 4.4 Conjurations
 - Level 0.7 Summonings
 - Level 0.7 Translocations


You had 6 spell levels left.
You knew the following spells:

 Your Spells              Type           Power        Failure   Level  Hunger
a - Magic Dart            Conj           ###.         1%          1    N/A
b - Call Imp              Summ           #.......     13%         2    N/A
e - Mephitic Cloud        Conj/Pois/Air  ##......     19%         3    N/A
s - Conjure Flame         Conj/Fire      ##......     14%         3    N/A
v - Blink                 Tloc           N/A          13%         2    N/A

Dungeon Overview and Level Annotations

Branches:
Dungeon (8/15)             Temple (1/1) D:7
   Lair: D:8-11

Altars:
Ashenzari
Cheibriados
Dithmenos
Elyvilon
Fedhas
Gozag
Hepliaklqana
Kikubaaqudgha
Makhleb
Nemelex Xobeh
Okawaru
Qazlal
Ru
Sif Muna
Trog
Uskayaw
Vehumet
Wu Jian
Xom
Yredelemnul
Zin
The Shining One

Shops:
D:5 [


Innate Abilities, Weirdness & Mutations

You do not eat or drink.
Your flesh is vulnerable to fire.
You are immune to poison.
Your flesh is cold resistant. (rC+)
You are immune to negative energy. (rN+++)
You are immune to unholy pain and torment.
You can survive without breathing.


Message History

You don't have enough magic to cast that spell.
You closely miss the wight. The wight hits you with a spear!
* * * LOW HITPOINT WARNING * * *
Casting: Magic Dart (safe; 1% risk of failure)
Confirm with . or Enter, or press ? or * to list all spells.
You don't have enough magic to cast that spell.
You barely miss the wight. The wight misses you.
Casting: Magic Dart (safe; 1% risk of failure)
Confirm with . or Enter, or press ? or * to list all spells.
Aiming: Magic Dart (safe; 1% risk of failure)
Press: ? - help, Shift-Dir - straight line, f - wight
Aim: a wight, wielding a spear and wearing a robe The magic dart hits the wight.
The wight hits you but does no damage.
An orc warrior comes into view. It is wielding a dire flail.
Casting: Magic Dart (safe; 1% risk of failure)
Confirm with . or Enter, or press ? or * to list all spells.
You don't have enough magic to cast that spell.
Casting: Magic Dart (safe; 1% risk of failure)
Confirm with . or Enter, or press ? or * to list all spells.
You don't have enough magic to cast that spell.
Casting: Magic Dart (safe; 1% risk of failure)
Confirm with . or Enter, or press ? or * to list all spells.
You don't have enough magic to cast that spell.
The wight misses you.
An orc wizard comes into view. It is wielding a dagger.
An orc comes into view.
You barely miss the orc. The orc misses you. The wight closely misses you.
The orc misses you. The wight hits you with a spear!
* * * LOW HITPOINT WARNING * * *
You hit the orc.
The orc is moderately wounded.
The wight hits you with a spear.
* * * LOW HITPOINT WARNING * * *
The orc misses you.
You can't drink.
Really read
c - 5 scrolls labeled NIGGOT SOWA {!r}?
As you read the scroll labeled NIGGOT SOWA {!r}, it crumbles to dust.
It is a scroll of identify.
o - 3 scrolls of fog {!r} The wight barely misses you.
The orc hits you but does no damage.
You puncture the orc!
You kill the orc!
Sif Muna accepts your kill. The wight hits you with a spear.
* * * LOW HITPOINT WARNING * * *
The wight closely misses you.
Things that are here:
a leather armour; an orc corpse The orc wizard hits you with a dagger.
* * * LOW HITPOINT WARNING * * *
You see here an adder corpse.
The orc wizard hits you with a dagger.
* * * LOW HITPOINT WARNING * * *
Found a ration.
Casting: Magic Dart (safe; 1% risk of failure)
Confirm with . or Enter, or press ? or * to list all spells.
Aiming: Mephitic Cloud (safe; 19% risk of failure)
Press: ? - help, Shift-Dir - straight line, f - orc wizard
Aim: an orc wizard, wielding a dagger and wearing a robe You miscast Mephitic Cloud.
You are very lightly contaminated with residual magic.
Nothing appears to happen.
The orc wizard hits you with a dagger.
You die...

### .# ..#...#..
###.# .....#.#####
..#.#
..#.#.#.....####.#.#
...#.#.####...#.#.#
#..#.#.#...##o#.#.#
#..#.#.#.##(#.#)#)#
#..#o#.#.#(..#.#)#
#..@#†#.#.#.##.#)#
#...#.#.#z##...#.#
......#.#.#...####.#
#####..#.#.####.....#
#..#.#.. ######
#..#.### #..#..
%..###


You could see an orc wizard.

Vanquished Creatures
  The ghost of Nr616 the Basher, a novice GrFi (D:7)
  Prince Ribbit (D:7)
  2 hippogriffs (D:7)
  A black bear (D:6)
  An orc warrior (D:5)
  3 phantoms
  2 sky beasts
  A centaur (D:6)
  2 bullfrogs
  A scorpion (D:3)
  8 wights
  4 crimson imps
  A centaur zombie (D:5)
  A hound (D:4)
  3 orc priests
  2 bullfrog skeletons
  3 iguanas
  3 orc wizards (D:5)
  2 worker ants (D:3)
  A killer bee zombie (D:6)
  Robin (D:2)
  A worker ant zombie (D:5)
  11 adders
  An ooze (D:7)
  3 adder skeletons
  2 dart slugs (D:1)
  6 leopard geckos
  22 orcs
  6 giant cockroaches
  16 goblins
  12 hobgoblins
  8 jackals
  3 kobolds (D:1)
  4 quokkas
  A ball python (D:4)
  2 bats
  8 frilled lizards
  2 leopard gecko skeletons (D:4)
  A quokka skeleton (D:5)
  5 rats
  A butterfly (D:7)
159 creatures vanquished.

Notes
Turn   | Place    | Note
-------+----------+-------------------------------------------
     0 | D:1      | Amnesiac the Mummy Wizard began the quest for the Orb.
     0 | D:1      | Reached XP level 1. HP: 13/13 MP: 5/5
    32 | D:1      | Reached skill level 1 in Conjurations
   243 | D:1      | Reached XP level 2. HP: 17/19 MP: 0/7
   255 | D:1      | Learned a level 2 spell: Call Imp
   724 | D:1      | Reached XP level 3. HP: 19/24 MP: 0/8
   729 | D:1      | Learned a level 3 spell: Conjure Flame
   733 | D:1      | Learned a level 3 spell: Mephitic Cloud
  1574 | D:2      | Reached XP level 4. HP: 30/30 MP: 1/10
  1576 | D:2      | Noticed Robin
  1688 | D:2      | Killed Robin
  1906 | D:2      | Found a radiant altar of Vehumet.
  1910 | D:2      | Found a shimmering altar of Xom.
  1912 | D:2      | Found a shadowy altar of Dithmenos.
  1913 | D:2      | Found a hazy altar of Hepliaklqana.
  2790 | D:3      | Reached skill level 1 in Fighting
  2790 | D:3      | Reached XP level 5. HP: 29/38 MP: 5/11
  2854 | D:3      | Reached skill level 2 in Fighting
  2939 | D:4      | Noticed a phantom
  3288 | D:3      | Killed a phantom
  3288 | D:3      | Reached skill level 3 in Fighting
  3288 | D:3      | Reached XP level 6. HP: 43/47 MP: 1/12
  3542 | D:4      | Learned a level 2 spell: Blink
  4308 | D:5      | Entered Level 5 of the Dungeon
  4572 | D:5      | Reached skill level 4 in Fighting
  4734 | D:5      | Reached XP level 7. HP: 54/54 MP: 6/13
  4775 | D:5      | Found Ymote's Armour Shop.
  5797 | D:5      | Reached skill level 5 in Fighting
  5821 | D:5      | Found a bloodstained altar of Trog.
  7348 | D:6      | Reached XP level 8. HP: 61/64 MP: 8/14
  7487 | D:6      | Reached skill level 6 in Fighting
  7579 | D:6      | Reached skill level 5 in Dodging
  8310 | D:7      | Noticed a hippogriff
  8316 | D:7      | Killed a hippogriff
  8316 | D:7      | Reached skill level 7 in Fighting
  8478 | D:7      | Noticed a hippogriff
  8568 | D:7      | Killed a hippogriff
  8568 | D:7      | Reached XP level 9. HP: 12/73 MP: 0/15
  8966 | D:7      | Noticed Prince Ribbit
  8978 | D:7      | Killed Prince Ribbit
  8978 | D:7      | Reached skill level 8 in Fighting
  9095 | D:7      | Noticed Nr616's ghost (novice GrFi)
  9110 | D:7      | Killed Nr616's ghost
  9221 | D:7      | Found a staircase to the Ecumenical Temple.
  9526 | Temple   | Entered the Ecumenical Temple
  9653 | Temple   | Became a worshipper of Sif Muna the Loreminder
  9805 | D:8      | HP: 2/75 [orc wizard/dagger (4)]
  9810 | D:8      | HP: 2/75 [orc wizard/dagger (1)]
  9812 | D:8      | Slain by an orc wizard

Vault maps used:
D:1:      zaba_arrival_water
D:2:      minitemple, minmay_cut_off, uniq_robin
D:3:      hangedman_abyss_or_decor_stabs
D:5:      kennysheep_mini, first_ration, serial_shops, shop, minmay_lizard_king
D:6:      kennysheep_generic_room_10
D:7:      minmay_temple_entry_butterflies, uniq_prince_ribbit1
D:8:      minmay_distorted_concentric_squares, serial_shops,
          nicolae_shop_crystal, david_nohive_1, uniq_joseph
Temple:   minmay_crystal_spiral_temple

Skill      XL: |  1  2  3  4  5  6  7  8  9 |
---------------+----------------------------+-----
Conjurations   | 1 2 3 4 |  4.4
Fighting       | 1 3 4 5 7 8 |  8.7
Dodging        | 2 3 4 6 7 |  7.1
Stealth        | |  1.5
Spellcasting   | |  4.5
Summonings     | |  0.7
Translocations | |  0.7

Action                   |  1- 3 |  4- 6 |  7- 9 || total
-------------------------+-------+-------+-------++-------
Melee: Unarmed           |    39 |     7 |       ||    46
       Short sword       |       |    46 |    66 ||   112
 Cast: Magic Dart        |    96 |   159 |   232 ||   487
       Call Imp          |     1 |     1 |     6 ||     8
       Mephitic Cloud    |       |     7 |    13 ||    20
       Conjure Flame     |       |     3 |    16 ||    19
       Blink             |       |       |     3 ||     3
  Use: Scroll            |       |       |     1 ||     1
 Stab: Confused          |       |     5 |     3 ||     8
Armor: Robe              |     6 |    14 |    25 ||    45
Dodge: Dodged            |    31 |    55 |   112 ||   198

Table legend:
 A = Spawn XP
 B = Non-spawn XP
 C = Spawn XP percentage of total XP
 D = Spawn monster count
 E = Non-spawn monster count
 F = Spawn count percentage of total count
 G = Total turns spent on level
                    A         B        C        D         E        F      G
               +---------+---------+-------+---------+---------+-------+---------
         Total |       0 |    4336 |   0.0 |       0 |     158 |   0.0 |  9812
               +---------+---------+-------+---------+---------+-------+---------
           D:1 |       0 |      41 |   0.0 |       0 |      20 |   0.0 |  1073
           D:2 |       0 |      74 |   0.0 |       0 |      23 |   0.0 |  1115
           D:3 |       0 |     296 |   0.0 |       0 |      16 |   0.0 |  1405
           D:4 |       0 |     216 |   0.0 |       0 |      23 |   0.0 |  1098
           D:5 |       0 |     901 |   0.0 |       0 |      35 |   0.0 |  2929
           D:6 |       0 |     632 |   0.0 |       0 |      15 |   0.0 |   720
           D:7 |       0 |    1833 |   0.0 |       0 |      15 |   0.0 |  1196
           D:8 |       0 |     343 |   0.0 |       0 |      11 |   0.0 |   106
               +---------+---------+-------+---------+---------+-------+---------
